 Dungeon Crawl Stone Soup version 0.31-a0-1589-g8f5e8aebd6 (webtiles) character file.

Game seed: 4172814970312633178

224 MisterAzrael the Changeling (level 5, -3/45 HPs)
             Began as a Draconian Shapeshifter on Jan 5, 2024.
             Was an Initiate of Cheibriados.
             Incinerated by a bombardier beetle (6 damage)
             ... with a burning spray
             ... on level 4 of the Dungeon.
             The game lasted 00:04:05 (2523 turns).

MisterAzrael the Changeling (DrSh)                  Turns: 2523, Time: 00:04:06

Health: -3/45      AC:  5    Str: 19    XL:     5   Next: 67%
Magic:  5/5        EV: 12    Int: 11    God:    Cheibriados [......]
Gold:   203        SH:  5    Dex: 12    Spells: 4/4 levels left

rFire   . .          .
                       - Unarmed
rCold   . . .        (no shield)
rNeg    . . .        (body armour unavailable)
rPois   .            (helmet currently unavailable)
rElec   .            (cloak currently unavailable)
rCorr   .            (gloves currently unavailable)
SInv    .            (boots currently unavailable)
Will    .....        g - amulet of reflection
Stlth   +            (no ring)
HPRegen 0.27/turn    (no ring)
MPRegen 0.09/turn

%: reflection
@: on fire, beast-form, glowing, slow
A: beast (slay +2), AC +5, unfitting armour, cold-blooded
a: Begin Untransformation, Renounce Religion


You were on level 4 of the Dungeon.
You worshipped Cheibriados.
Cheibriados was noncommittal.
You were a hulking beast.
You visited 1 branch of the dungeon, and saw 4 of its levels.

You collected 203 gold pieces.

Inventory:

Magical Staves
 p - a staff of air
Jewellery
 g - an amulet of reflection (around neck)
Talismans
 b - a beast talisman
 c - a flux talisman
Wands
 j - a wand of polymorph (9)
Scrolls
 h - 4 scrolls of identify {unknown}
 k - a scroll of blinking {unknown}
 n - a scroll of enchant weapon {unknown}
 o - a scroll of poison {unknown}
Potions
 a - a potion of lignification
 d - a potion of ambrosia
 e - 2 potions of might {unknown}
 f - 2 potions of heal wounds {unknown}
 i - 2 potions of degeneration {unknown}
 l - a potion of enlightenment {unknown}
 m - a potion of curing {unknown}


   Skills:
 + Level 3.1 Fighting
 - Level 1.7 Dodging
 + Level 4.1 Unarmed Combat
 * Level 4.7 Shapeshifting


You had 4 spell levels left.
You didn't know any spells.
Your spell library was empty.

Dungeon Overview and Level Annotations

Branches:
Dungeon (4/15)
 Temple: D:4-7

Altars:
Cheibriados
Okawaru


Innate Abilities, Weirdness & Mutations

You are a hulking beast.
Your limbs bulge with bestial killing power. (Slay +2)
Your plain brown scales are hard. (AC +5)
You cannot fit into any form of body armour.
You are cold-blooded and may be slowed by cold attacks.


Message History

You are even more covered in liquid fire!
You shake off some of the fire as you move.
The liquid fire burns you!
You shake off some of the fire as you move.
The liquid fire burns you!
The bombardier beetle sprays incendiary fluid at you.
The burning spray hits you.
You are even more covered in liquid fire!
You shake off some of the fire as you move.
The liquid fire burns you!
* * * LOW HITPOINT WARNING * * *
The bombardier beetle sprays incendiary fluid at you.
The burning spray misses you.
It was a potion of ambrosia.
You are confused.
You feel invigorated. The liquid fire burns you!
* * * LOW HITPOINT WARNING * * *
The liquid fire burns you!
* * * LOW HITPOINT WARNING * * *
The bombardier beetle sprays incendiary fluid at you.
The burning spray misses you. The liquid fire burns you!
* * * LOW HITPOINT WARNING * * *
The liquid fire burns you!
* * * LOW HITPOINT WARNING * * *
You feel less invigorated.
You feel less confused.
You shake off some of the fire as you move.
The liquid fire burns you!
* * * LOW HITPOINT WARNING * * *
The bombardier beetle sprays incendiary fluid at you.
The burning spray hits you.
You are even more covered in liquid fire!
You shake off some of the fire as you move.
The liquid fire burns you!
* * * LOW HITPOINT WARNING * * *
You shake off some of the fire as you move.
The liquid fire burns you!
You die...

.........#
##....##.######
..............#####
..8.8.8.8.8.8...?.#
..................#
.#.8.8.8.8.8......#
.#................#
.....)#.##.#......#
..###.#....#...Bh.#
..........##.....!#
..#.#.#.#.........#
###.#.#....#......#
....#.####.#......#
#####<# #.#......#
..# #.....###.. ###
.###... .## . .....
#


You could see a bombardier beetle.

Vanquished Creatures
  An ogre (D:4)
  A bombardier beetle (D:4)
  3 adders
  A dart slug (D:1)
  3 ribbon worms (D:2)
  An orc (D:3)
  8 endoplasms
  7 giant cockroaches
  5 goblins
  7 hobgoblins
  8 jackals
  7 ball pythons
  3 bats
  A frilled lizard (D:2)
  5 kobolds
  4 rats
65 creatures vanquished.

Notes
Turn   | Place    | Note
-------+----------+-------------------------------------------
     0 | D:1      | MisterAzrael the Draconian Shapeshifter began the quest for
                  | the Orb.
     0 | D:1      | Reached XP level 1. HP: 16/16 MP: 1/1
   165 | D:1      | Reached XP level 2. HP: 21/23 MP: 2/2
   649 | D:2      | Reached XP level 3. HP: 26/29 MP: 3/3
  1261 | D:2      | Found a faded altar of an unknown god.
  1305 | D:2      | Reached XP level 4. HP: 25/36 MP: 4/4
  1754 | D:3      | Found an iron altar of Okawaru.
  2359 | D:4      | Reached XP level 5. HP: 42/42 MP: 5/5
  2395 | D:4      | Found a snail-covered altar of Cheibriados.
  2446 | D:4      | Became a worshipper of Cheibriados the Contemplative
  2459 | D:4      | Noticed an ogre
  2463 | D:4      | Killed an ogre
  2522 | D:4      | HP: 2/45 [burnt (8)]
  2523 | D:4      | Incinerated by a bombardier beetle

Illustrated notes

Levels and vault maps discovered:
D:1:      amcnicky_arrival_blooded_trapdoor, layout_loops_ring,
          serial_bayou_lagoon_a
D:2:      minmay_wonky_spiral, layout_loops_corners,
          shapermc_ecumenical_altar_pompeii
D:3:      layout_loops_ring, overflow_temple_1_default
D:4:      layout_basic, kennysheep_little_box, serial_aquarium,
          aquarium_bridge_square [aquarium_subvault_bridge,
          aquarium_subvault_wall, aquarium_subvault_bridge,
          aquarium_subvault_window], aquarium_window_1, aquarium_window_2,
          aquarium_view_2g, aquarium_balcony_3a, cheibrodos_sewer_entry_bend,
          minmay_misc_feat_pillars, hangedman_feature_mirror,
          hangedman_decor_diamond_cutter

Skill      XL: |  1  2  3  4  5 |
---------------+----------------+-----
Fighting       | 2 3 |  3.1
Shapeshifting  | 4 |  4.7
Unarmed Combat | 4 |  4.1
Dodging        | |  1.7

Action                     |  1- 3 |  4- 6 || total
---------------------------+-------+-------++-------
  Melee: Unarmed           |   100 |    64 ||   164
         Tailslap          |    16 |     6 ||    22
         Punch             |     1 |     2 ||     3
    Use: Potion            |       |     1 ||     1
   Stab: Sleeping          |     1 |       ||     1
 Armour: Skin              |    41 |    23 ||    64
  Dodge: Dodged            |    48 |    34 ||    82
  Block: Other             |     8 |     9 ||    17
         Reflection        |       |     1 ||     1

Table legend: (Time is in decaauts)
 A = Elapsed time spent in this place.
 B = Non-inter-level travel time spent in this place.
 C = Inter-level travel time spent in this place.
 D = Time resting spent in this place.
 E = Time spent auto-exploring this place.
 F = Levels seen in this place.
 G = Mean time per level.
                   A        B        C        D        E       F      G
               +--------+--------+--------+--------+--------+-----+--------+
         Total |   2531 |   2397 |    134 |     94 |   1879 |   4 |  632.8 |
       Dungeon |   2531 |   2397 |    134 |     94 |   1879 |   4 |  632.8 |
               +--------+--------+--------+--------+--------+-----+--------+

Top non-repeatable levels by time:
     D:2: 1067 daAuts
     D:1: 645 daAuts
     D:3: 605 daAuts
     D:4: 213 daAuts
